AoeStats
← 3379631833

Black Forest

504900366Analyzed
4v4 RM · 25d ago on Sep 7, 2026· 48m 55s· 8 players
Game mode
Random Map
Map size
Large (8 player)
Population
200
Speed
Normal
Resources
Standard
Victory
Conquest
Starting age
Dark Age
Ending age
Imperial Age
RankedLock teamsTeams togetherTeam positionsShared explorationLock speedFull tech treeHidden civsTurbo modeCheats
Victory
Defeat
🇬🇧 Bohemians · United Kingdom
776
+13
🇨🇳 Slavs · China
735
+15
🇨🇳 Portuguese · China
729
+15
🇺🇸 Spanish · United States
674
+17
🇨🇳 Burmese · China
831
-19
🇵🇪 Spanish · Peru
749
-43
🇵🇪 Persians · Peru
648
-29
🇧🇴 Franks · Bolivia
612
-11
SpocksGlock
0:32 Loom
13:22 Feudal Age
14:39 Double-Bit Axe
19:15 Castle Age
26:03 Wheelbarrow
29:56 Imperial Age
27:23 Pikeman
28:04 Squires
28:57 Husbandry
29:08 Bloodlines
29:13 Scale Barding Armor
29:19 Forging
28:52 Horse Collar
29:24 Bow Saw
29:09 Gold Mining
30:05 Caravan
30:19 Heavy Plow
31:32 Conscription
31:34 Scale Mail Armor
32:10 Iron Casting
31:55 Chain Barding Armor
32:19 Hand Cart
35:25 Two-Man Saw
35:02 Plate Barding Armor
35:28 Blast Furnace
34:44 Chain Mail Armor
34:40 Onager
35:28 Town Watch
37:15 Ballistics
37:42 Cavalier
39:42 Plate Mail Armor
39:10 Paladin
41:42 Murder Holes
41:52 Town Patrol
41:47 Fletching
41:57 Padded Archer Armor
TWC-PrimalInside
0:28 Loom
16:20 Feudal Age
17:04 Double-Bit Axe
17:03 Horse Collar
23:21 Wheelbarrow
27:15 Castle Age
25:52 Forging
25:42 Scale Mail Armor
26:35 Arson
28:25 Bow Saw
28:20 Heavy Plow
29:51 Caravan
30:43 Iron Casting
30:25 Squires
33:33 Fervor
33:44 Sanctity
34:54 Chain Mail Armor
39:38 Imperial Age
38:37 Chemistry
37:33 Pikeman
39:18 Hand Cart
40:31 Halberdier
42:16 Blast Furnace
41:47 Plate Mail Armor
41:40 Conscription
41:30 Wagenburg Tactics
43:28 Houfnice
46:18 Siege Engineers
戏皇。
12:21 Feudal Age
13:56 Double-Bit Axe
13:54 Horse Collar
14:08 Stone Mining
14:11 Gold Mining
22:49 Castle Age
21:29 Scale Mail Armor
24:18 Stone Shaft Mining
24:41 Bow Saw
25:10 Chain Mail Armor
27:17 Treadmill Crane
30:14 Imperial Age
28:49 Loom
29:39 Wheelbarrow
28:49 Town Watch
29:30 Heavy Plow
32:37 Chemistry
32:41 Two-Man Saw
37:26 Conscription
38:03 Plate Mail Armor
38:48 Arquebus
41:52 Ballistics
41:39 Siege Engineers
Wololo
0:26 Loom
12:52 Feudal Age
13:36 Double-Bit Axe
13:32 Horse Collar
16:44 Wheelbarrow
20:13 Castle Age
18:20 Gold Mining
22:31 Bow Saw
22:23 Heavy Plow
22:16 Stone Mining
28:55 Gold Shaft Mining
29:59 Fortified Wall
31:54 Forging
31:44 Scale Mail Armor
31:53 Scale Barding Armor
34:25 Imperial Age
32:34 Scale Mail Armor
33:11 Iron Casting
32:57 Masonry
33:38 Scale Mail Armor
33:45 Scale Barding Armor
34:59 Scale Mail Armor
34:22 Pikeman
35:03 Squires
36:49 Blast Furnace
36:04 Chain Mail Armor
36:14 Conscription
35:55 Druzhina
36:01 Guard Tower
38:34 Plate Mail Armor
38:25 Chain Barding Armor
40:03 Halberdier
40:41 Elite Boyar
42:55 Plate Barding Armor
41:49 Capped Ram
42:56 Caravan
42:40 Siege Ram
45:30 Siege Engineers
Licenciado Álvaro
13:13 Feudal Age
17:44 Double-Bit Axe
23:02 Gold Mining
26:26 Castle Age
26:10 Wheelbarrow
26:38 Stone Mining
27:03 Pikeman
27:03 Man-at-Arms
27:52 Horse Collar
39:10 Imperial Age
36:55 Hand Cart
45:45 Halberdier
LicenciadoXavi
12:20 Feudal Age
11:39 Loom
17:48 Man-at-Arms
26:34 Castle Age
26:50 Forging
26:32 Fletching
26:43 Scale Mail Armor
26:45 Padded Archer Armor
28:55 Wheelbarrow
32:28 Murder Holes
32:57 Ballistics
32:58 Scale Barding Armor
33:30 Iron Casting
32:51 Bodkin Arrow
33:12 Leather Archer Armor
33:09 Caravan
40:37 Imperial Age
38:21 Crossbowman
41:53 Heavy Camel Rider
3379631833
4:57 Loom
13:31 Feudal Age
16:04 Stone Mining
16:04 Gold Mining
16:08 Horse Collar
16:29 Man-at-Arms
20:49 Castle Age
20:51 Forging
20:43 Scale Mail Armor
20:48 Scale Barding Armor
20:44 Padded Archer Armor
33:49 Iron Casting
33:30 Chain Mail Armor
33:20 Scale Barding Armor
37:17 Pikeman
37:58 Squires
39:17 Heavy Plow
arturocoria101
14:20 Feudal Age
15:18 Double-Bit Axe
15:33 Gold Mining
18:25 Stone Mining
24:46 Castle Age
28:56 Gold Shaft Mining
35:23 Imperial Age
34:20 Scale Barding Armor
35:50 Bow Saw
36:10 Cavalier
Connection lost

Rejoining the realm…

Still unreachable

The connection could not be restored.

Session expired

The server has moved on; the page needs a fresh start.